 Dungeon Crawl Stone Soup version 0.21-a0-210-gbfa5647 (webtiles) character file.

4687 Gorglomux the Cleaver (level 10, -1/93 HPs)
             Began as a Hill Orc Abyssal Knight on Aug 21, 2017.
             Was a High Priest of Lugonu.
             Slain by a two-headed ogre
             ... wielding a +0 giant club
              (19 damage)
             ... on level 9 of the Dungeon.
             The game lasted 00:13:08 (9785 turns).

Gorglomux the Cleaver (Hill Orc Abyssal Knight)     Turns: 9785, Time: 00:13:08

Health: -1/93      AC: 18    Str: 19    XL:     10   Next: 44%
Magic:  16/17      EV: 10    Int: 12    God:    Lugonu [*****.]
Gold:   329        SH:  0    Dex: 10    Spells: 9/9 levels left

rFire    . . .     SeeInvis .   b - +3 dagger (venom)
rCold    + . .     Gourm    .   (no shield)
rNeg     . . .     Faith    +   X - +0 scale mail
rPois    +         Spirit   .   M - +2 helmet
rElec    .         Reflect  .   V - +2 cloak of Death Resistance {rPois rC+}
rCorr    .         Harm     .   H - +0 pair of gloves
MR       .....                  W - +0 pair of boots
Stlth    ..........             y - amulet of faith
HPRegen  0.25/turn              (no ring)
MPRegen  0.15/turn              (no ring)

@: no status effects
A: no striking features
a: Depart the Abyss, Bend Space, Banish, Corrupt, Enter the Abyss, Renounce
Religion


You were on level 9 of the Dungeon.
You worshipped Lugonu.
Lugonu was extremely pleased with you.
You were not hungry.

You visited 1 branch of the dungeon, and saw 9 of its levels.
You visited the Abyss 1 time.

You collected 500 gold pieces.
You spent 171 gold pieces at shops.

Inventory:

Hand Weapons
 a - a +0 war axe
 b - a +3 dagger of venom (weapon)
Missiles
 G - a javelin of penetration (quivered)
 Z - a throwing net
Armour
 v - a scarf of repulsion
 H - a +0 pair of gloves (worn)
 M - a +2 helmet (worn)
 V - the +2 cloak of Death Resistance (worn) {rPois rC+}
   (You bought it in a shop on level 6 of the Dungeon)

   It protects you from cold.
   It protects you from poison.
 W - a +0 pair of boots (worn)
 X - a +0 scale mail (worn)
Jewellery
 r - an uncursed amulet of rage {unknown}
 u - a cursed amulet of inaccuracy {unknown}
 y - an amulet of faith (around neck)
Wands
 w - a wand of confusion (26/48)
 A - a wand of acid (6/15)
 C - a wand of confusion (22/48)
Scrolls
 g - 4 scrolls of enchant weapon {unknown}
 h - 4 scrolls of remove curse {unknown}
 p - a scroll of brand weapon {unknown}
 t - a scroll of vulnerability {unknown}
 B - 11 scrolls of identify {unknown}
 E - 6 scrolls of teleportation {unknown}
 F - a scroll of random uselessness {unknown}
 I - 3 scrolls of fog {unknown}
 P - a scroll of enchant armour {unknown}
 Q - 2 scrolls of magic mapping {unknown}
 R - a scroll of silence {unknown}
 S - a scroll of amnesia {unknown}
Potions
 e - 2 potions of ambrosia {unknown}
 s - a potion of magic {unknown}
 x - a potion of curing {unknown}
 D - 2 potions of lignification {unknown}
 K - a potion of berserk rage {unknown}
 L - a potion of might {unknown}
 N - 3 potions of resistance {unknown}
 O - a potion of heal wounds {unknown}
 T - 2 potions of flight {unknown}
 U - a potion of haste {unknown}
Comestibles
 c - 6 bread rations
 q - 2 chunks of flesh
 z - 3 meat rations
 J - 4 royal jellies
 Y - 3 fruits


   Skills:
 - Level 10.0 Fighting
 - Level 10.0 Axes
 + Level 8.8 Armour
 - Level 0.7 Dodging
 + Level 9.6 Invocations


You had 9 spell levels left.
You didn't know any spells.

Dungeon Overview and Level Annotations

Branches:
Dungeon (9/15)             Temple (0/1) D:5
   Lair: D:8-11         Orc: D:9-12

Altars:
Ashenzari
Cheibriados
Dithmenos
Elyvilon
Fedhas
Trog
Uskayaw
Xom
Yredelemnul
The Shining One

Shops:
D:6 [


Message History

Aim: a two-headed ogre, wielding two giant clubs (heavily wounded)
You butt a javelin of butt!
The javelin of butt pierces through the two-headed ogre but does no damage!
The two-headed ogre is heavily wounded!
Throwing (i - inventory! (,) - butt):
G - 2 javelins of penetration (quivered)
Press: ? - help, Shift-Dir - straight line, f/p - two-headed ogre
Aim: a two-headed ogre, wielding two giant clubs (heavily wounded)
You throw a javelin of penetration!
The javelin of penetration pierces through the two-butt ogre but does no damage!
The two-headed ogre is heavily wounded!
The butt-headed ogre hits you with a giant club! * * * don'butt die
* * * The two-headed ogre hits you but butts no damage!
Space butts sharply around you!!!
The two-headed ogre blinks!!!
You blink!
A worker ant comes into view!
There is an open door here!
The worker ant twitches its antennae in your direction!
Space bends around you!!!
You blink!
The butt-headed ogre butts you with a giant club!!!!!! rip

#....#...#......#..#.#...
#....#...########..#.#...
#....#.............#.#...
#...a#).)..........#.#...
#.<..#.))..#######(#.####
#...)###...#.....#.#
#.)))..#...#.....#.#
#####......#...#.....'.#
..........§O@..#.....#.####
...........#.>.#.....#.#..#
#...........#...#.....#....+
#...........#...#.....#....#
#...........'...#.....#..###
#...........'...#.....#...#
.......#####...#######...#
....... .............##
....... ............#


You could see a two-headed ogre.

Vanquished Creatures
  A two-headed ogre (D:8)
  A wyvern (D:9)
  A steam dragon (D:8)
  A water moccasin (D:9)
  2 ice beasts
  2 black bears
  4 phantoms
  3 sky beasts
  A necrophage (D:9)
  4 ogres
  2 centaurs
  A big kobold (D:9)
  5 bullfrogs
  A gnoll sergeant (D:8)
  4 scorpions
  3 crimson imps
  A centaur zombie (D:9)
  A quasit (D:6)
  2 centaur skeletons (D:7)
  3 hounds (D:5)
  3 jellies
  An orc wizard (D:6)
  An orc priest (D:7)
  A gnoll shaman (D:9)
  Terence (D:3)
  4 iguanas
  5 worker ants
  A worker ant zombie (D:5)
  Robin (D:3)
  22 gnolls
  8 adders
  2 shadow imps
  An ooze (D:5)
  5 adder skeletons
  5 worms
  3 dart slugs
  9 leopard geckos
  6 orcs
  A ball python (D:4)
  5 giant cockroaches
  13 hobgoblins
  5 jackals
  6 quokkas
  8 bats
  8 frilled lizards
  13 goblins
  14 kobolds
  12 rats
207 creatures vanquished.

Notes
Turn   | Place    | Note
-------+----------+-------------------------------------------
     0 | Abyss:1  | Gorglomux the Hill Orc Abyssal Knight began the quest for the Orb.
     0 | Abyss:1  | Reached XP level 1. HP: 19/19 MP: 2/2
     9 | D:1      | Escaped the Abyss
    88 | D:1      | Reached skill level 3 in Axes
   255 | D:1      | Reached XP level 2. HP: 23/27 MP: 3/3
   607 | D:1      | Reached ** piety under Lugonu
   660 | D:1      | Reached XP level 3. HP: 31/33 MP: 4/4
  1125 | D:2      | Reached XP level 4. HP: 32/41 MP: 5/5
  1142 | D:2      | Found a blossoming altar of Fedhas.
  1478 | D:2      | Found a glowing golden altar of the Shining One.
  1771 | D:3      | Noticed Robin
  1927 | D:3      | Killed Robin
  2068 | D:3      | Noticed Terence
  2083 | D:3      | Killed Terence
  2083 | D:3      | Reached XP level 5. HP: 24/48 MP: 6/6
  2341 | D:3      | Reached *** piety under Lugonu
  2643 | D:3      | Reached skill level 6 in Fighting
  2758 | D:3      | Reached XP level 6. HP: 12/57 MP: 7/7
  2981 | D:2      | Reached skill level 6 in Axes
  3505 | D:4      | Found a shimmering altar of Xom.
  4186 | D:5      | Entered Level 5 of the Dungeon
  4306 | D:5      | Found a shimmering altar of Xom.
  4307 | D:5      | Noticed a phantom
  4346 | D:5      | Killed a phantom
  4360 | D:5      | Found a shimmering altar of Xom.
  4360 | D:5      | Found a shimmering altar of Xom.
  4593 | D:5      | Reached XP level 7. HP: 55/66 MP: 8/8
  5025 | D:5      | Found a staircase to the Ecumenical Temple.
  5270 | D:5      | Reached XP level 8. HP: 74/74 MP: 9/9
  5377 | D:5      | Reached **** piety under Lugonu
  5686 | D:6      | Reached skill level 9 in Axes
  5815 | D:6      | Found Pampi's Antique Armour Shop.
  5835 | D:6      | Reached skill level 3 in Armour
  6029 | D:6      | Bought a brightly glowing cloak for 171 gold pieces
  6039 | D:6      | Identified the +2 cloak of Death Resistance {rPois rC+} (You bought it in a shop on level 6 of the Dungeon)
  6133 | D:6      | Reached skill level 9 in Fighting
  6595 | D:6      | Noticed a moth of wrath
  6598 | D:6      | Found a bloodstained altar of Trog.
  7032 | D:7      | Reached XP level 9. HP: 73/84 MP: 9/11
  7045 | D:7      | Reached skill level 3 in Invocations
  7251 | D:7      | Found a snail-covered altar of Cheibriados.
  7545 | D:7      | Found a hide-covered altar of Uskayaw.
  7546 | D:7      | Found a basalt altar of Yredelemnul.
  7668 | D:8      | Found a shattered altar of Ashenzari.
  7747 | D:8      | Reached skill level 6 in Armour
  7900 | D:8      | Found a white marble altar of Elyvilon.
  7933 | D:8      | Reached skill level 6 in Invocations
  7996 | D:8      | Noticed a two-headed ogre
  8036 | D:8      | Killed a two-headed ogre
  8036 | D:8      | Reached XP level 10. HP: 49/93 MP: 13/15
  8547 | D:8      | Found a shadowy altar of Dithmenos.
  8679 | D:9      | Reached ***** piety under Lugonu
  9038 | D:9      | Reached skill level 9 in Invocations
  9701 | D:9      | Noticed a two-headed ogre
  9785 | D:9      | Slain by a two-headed ogre

Vault maps used:
D:1:      dpeg_arrival_castle
D:2:      tso_oasis_becter, lemuel_round_altar, first_bread
D:3:      uniq_robin, uniq_terence
D:4:      nicolae_overflow_crystal_walls
D:5:      temple_hall, xom_redecorated
D:6:      tgw_trog, serial_shops, shop
D:7:      cheibrodos_worm_habitat, nicolae_overflow_hidden_temple
D:8:      kennysheep_mini_moat, basic_altar, elyvilon_altar_3
D:9:      grunt_temple_overflow_order_and_chaos_2, serial_shops, shop,
          grunt_livestock, minivault_12

Skill      XL: |  1  2  3  4  5  6  7  8  9 10 |
---------------+-------------------------------+-----
Axes           | 3 4 5 7 8 10 | 10.0
Fighting       | 4 5 6 7 8 9 10 | 10.0
Armour         | 4 7 8 |  8.8
Invocations    | 7 9 |  9.6
Dodging        | |  0.7

Action                   |  1- 3 |  4- 6 |  7- 9 | 10-12 || total
-------------------------+-------+-------+-------+-------++-------
Melee: Hand axe          |    60 |    75 |   190 |       ||   325
       Dagger            |    30 |   129 |   155 |    26 ||   340
       War axe           |       |       |    36 |   149 ||   185
Throw: Javelin           |       |       |     4 |     2 ||     6
Invok: Bend Space        |       |     2 |     1 |     3 ||     6
  Eat: Chunk             |     1 |    11 |    11 |     6 ||    29
Armor: Leather armour    |    21 |    67 |    29 |       ||   117
       Scale mail        |       |       |   183 |   111 ||   294
Dodge: Dodged            |    47 |   127 |   197 |    98 ||   469

Table legend:
 A = Spawn XP
 B = Non-spawn XP
 C = Spawn XP percentage of total XP
 D = Spawn monster count
 E = Non-spawn monster count
 F = Spawn count percentage of total count
 G = Total turns spent on level
                    A         B        C        D         E        F      G
               +---------+---------+-------+---------+---------+-------+---------
         Total |     423 |    6274 |   6.3 |      23 |     184 |  11.1 |  9785
               +---------+---------+-------+---------+---------+-------+---------
           D:1 |      13 |      24 |  35.1 |       1 |      15 |   6.2 |   665
           D:2 |      15 |      89 |  14.4 |       6 |      28 |  17.6 |  1658
           D:3 |     100 |     132 |  43.1 |       8 |      24 |  25.0 |   999
           D:4 |       0 |      96 |   0.0 |       0 |       9 |   0.0 |   855
           D:5 |     143 |     669 |  17.6 |       4 |      16 |  20.0 |  1364
           D:6 |     102 |     871 |  10.5 |       2 |      27 |   6.9 |  1442
           D:7 |       0 |     697 |   0.0 |       0 |      13 |   0.0 |   623
           D:8 |      50 |    2104 |   2.3 |       2 |      19 |   9.5 |  1040
           D:9 |       0 |    1592 |   0.0 |       0 |      33 |   0.0 |  1130
               +---------+---------+-------+---------+---------+-------+---------
